Map: 赛博森林-天梯版

Players

RiSky

  • Race: Zerg Zerg

Dark - Winner!

  • Race: Zerg Zerg
  • League: Gold

Event: WESG 2018 Grand Finals

VOD

Have the link to the VOD?

Description

Time

  • Played on: March 11, 2019, 8:38 a.m.
  • Length: 6:24

All games in this series

Show
View Real Time Build Order
Export as new Build Order

RiSky Zerg 

Build Orders: Hatch First 

Get SALT Encoding   

  12  0:00  Drone  
  13  0:11  Overlord  
  13  0:17  Drone  
  14  0:30  Drone x2  
  16  0:48  Hatchery  
  15  0:51  Drone  
  15  0:54  Drone  
  17  0:58  Drone  
  18  1:08  Extractor  
  17  1:13  Spawning Pool  
  17  1:16  Drone  
  17  1:19  Drone  
  18  1:27  Drone  
  19  2:00  Zergling x6  
  19  2:01  Queen, Zergling x2  
  27  2:16  Zergling x2  
  26  2:45  Hatchery  
  26  2:50  Overlord  
  25  3:09  Drone x2  
  25  3:10  Drone  
  28  3:20  Hatchery  
  28  3:23  Drone  
  27  3:27  Drone  
  27  3:29  Drone  
  29  3:35  Roach Warren, Drone  
  30  3:47  Metabolic Boost  
  30  3:48  Overlord  
  30  3:57  Queen  
  30  3:59  Overlord  
  32  4:08  Zergling x6  
  34  4:10  Zergling x2  
  34  4:12  Zergling x2  
  35  4:18  Zergling x2  
  35  4:19  Zergling x4  
  39  4:24  Zergling x4  
  39  4:29  Zergling x2  
  41  4:32  Overlord  
  41  4:36  Overlord  
  41  4:40  Zergling x2  
  41  4:46  Overlord  
  41  4:53  Zergling x2  
  41  4:54  Zergling x8  
  41  4:57  Zergling x4  
  48  5:04  Zergling x2  
  49  5:07  Zergling x2  
  49  5:08  Zergling x2  
  49  5:12  Zergling x6  
  54  5:17  Zergling x4  
  55  5:22  Zergling x2  
Show
View Real Time Build Order
Export as new Build Order

Dark Zerg - Winner!

Build Orders: Pool First 

Get SALT Encoding   

  12  0:17  Spawning Pool  
  11  0:21  Drone  
  11  0:26  Drone  
  13  0:30  Drone  
  14  0:42  Overlord  
  14  1:04  Zergling x4  
  14  1:05  Zergling x2  
  17  1:15  Zergling x2  
  18  1:20  Hatchery  
  17  1:26  Zergling x2  
  18  1:37  Zergling x2  
  18  1:39  Queen  
  21  1:49  Overlord  
  21  2:00  Drone  
  22  2:11  Drone  
  22  2:14  Queen  
  24  2:28  Drone  
  23  2:32  Queen  
  23  2:35  Drone x2  
  27  2:44  Drone x2  
  27  2:51  Queen  
  29  2:54  Drone x2  
  33  3:00  Drone x2  
  35  3:07  Overlord  
  35  3:17  Overlord  
  35  3:26  Drone x7  
  42  3:30  Extractor x2  
  42  3:31  Drone  
  41  3:35  Drone  
  41  3:36  Drone  
  41  3:38  Drone  
  44  3:44  Overlord  
  43  3:50  Drone x2  
  43  3:51  Drone  
  46  3:56  Drone x2  
  46  4:01  Drone x2  
  51  4:02  Drone  
  51  4:03  Drone  
  52  4:11  Drone x2, Extractor  
  52  4:15  Lair  
  53  4:19  Roach Warren  
  52  4:27  Drone  
  53  4:32  Evolution Chamber  
  53  4:34  Drone  
  53  4:37  Overlord  
  53  4:38  Overlord  
  53  4:41  Hatchery  
  52  4:48  Overlord  
  52  5:00  Roach x4  
  52  5:05  Roach x3  
  66  5:12  Evolution Chamber  
  66  5:14  Roach x2  
  68  5:20  Evolution Chamber  
  67  5:22  Evolution Chamber  
  67  5:23  Roach  
Tags
 
Add a new tag
Caveats
  • Supply blocks, unpowered buildings, or Contaminate may cause inaccurate times.
  • Supply counts are checked every 10 seconds.